 Dungeon Crawl Stone Soup version 0.24.1-14-gf8d2b509d9 (webtiles) character file.

Game seed: 7283773687973677770, levelgen mode: deterministic

105 ruildragonbane the Chopper (level 4, 0/41 HPs)
             Began as a Minotaur Berserker on Dec 1, 2020.
             Was a Believer of Trog.
             Slain by a worm (8 damage)
             ... on level 2 of the Dungeon.
             The game lasted 00:11:32 (2309 turns).

ruildragonbane the Chopper (Minotaur Berserker)     Turns: 2309, Time: 00:11:32

Health: 0/41       AC:  3    Str: 23      XL:     4   Next: 53%
Magic:  3/3        EV: 12    Int:  4      God:    Trog [**....]
Gold:   98         SH:  0    Dex:  7 (9)  Spells: 3/3 levels left

rFire    . . .     SeeInvis .   a - +0 hand axe
rCold    . . .     Gourm    .   (no shield)
rNeg     . . .     Faith    .   e - +0 leather armour
rPois    .         Spirit   .   (helmet restricted)
rElec    .         Reflect  .   (no cloak)
rCorr    .         Harm     .   (no gloves)
MR       .....                  (no boots)
Stlth    +.........             g - amulet of magic regeneration
HPRegen  0.13/turn              (no ring)
MPRegen  0.33/turn              (no ring)

@: lethally poisoned (0 -> -2), berserk cooldown, slowed, lightly drained, very
slow
A: retaliatory headbutt, horns 2
a: Berserk, Trog's Hand, Renounce Religion


You were on level 2 of the Dungeon.
You worshipped Trog.
Trog was pleased with you.
You were not hungry.

You visited 1 branch of the dungeon, and saw 3 of its levels.

You collected 98 gold pieces.

Inventory:

Hand Weapons
 a - a +0 hand axe (weapon)
Missiles
 j - 8 javelins (quivered)
Armour
 b - a +0 animal skin
 e - a +0 leather armour (worn)
 l - a +0 ring mail
Jewellery
 g - an amulet of magic regeneration (around neck)
Scrolls
 d - 5 scrolls of identify
 f - 4 scrolls of blinking
 i - a scroll of magic mapping {unknown}
 k - 2 scrolls of amnesia
 m - a scroll of enchant armour {unknown}
 n - a scroll of teleportation
Comestibles
 c - 3 rations


   Skills:
 + Level 4.4(4.1) Fighting
 + Level 5.2(4.9) Axes
 + Level 3.0(2.7) Armour
 + Level 2.7(2.4) Dodging
 + Level 0.6(0.3) Stealth


You had 3 spell levels left.
You didn't know any spells.
Your spell library was empty.

Dungeon Overview and Level Annotations

Branches:
Dungeon (3/15)

Altars:

Portals:
Sewer: D:3


Innate Abilities, Weirdness & Mutations

You reflexively headbutt those who attack you in melee.
You have a pair of horns on your head.


Message History

Things that are here:
a +2 short sword of draining; a +0 scale mail You eat one of the 4 rations.
That ration really hit the spot!
You feel sick.
You feel the effects of Trog's Hand fading.
You feel sick.
You feel sick.
You feel sick. The worm bites you.
* * * LOW HITPOINT WARNING * * *
Things that are here:
a +2 short sword of draining; a +0 scale mail You slash the worm!
The worm is severely wounded.
Your skin stops crawling.
You feel less resistant to hostile enchantments.
The worm barely misses you.
You hit the worm.
The worm is severely wounded.
You feel sick. The worm bites you!
You die...

#.....###≈≈≈≈#####
#.....#?###≈≈≈≈
#.....#...#####
#.....#..@....###
#.....#.......Sw#
#.....#.......#
#.....##....#
#.######....##
#>...@w.........#
#.######....#####
#.# #....# #.#
####... #.# #.##
######)# #.#
#......# #.#
#......# #.#
#......# #.#
#######


You could see a worm.

Vanquished Creatures
  Terence (D:2)
  A gnoll (D:1)
  An adder (D:2)
  An ooze (D:1)
  6 worms
  A dart slug (D:2)
  A leopard gecko (D:2)
  8 bats
  4 giant cockroaches
  4 hobgoblins
  A quokka (D:2)
  A ball python (D:3)
  A frilled lizard (D:3)
  2 goblins
  4 kobolds
  3 rats (D:2)
40 creatures vanquished.

Notes
Turn   | Place    | Note
-------+----------+-------------------------------------------
     0 | D:1      | ruildragonbane the Minotaur Berserker began the quest for
                  | the Orb.
     0 | D:1      | Reached XP level 1. HP: 19/19 MP: 0/0
   250 | D:1      | Reached skill level 4 in Axes
   250 | D:1      | Reached XP level 2. HP: 18/27 MP: 1/1
  1083 | D:2      | Reached XP level 3. HP: 32/33 MP: 2/2
  1698 | D:2      | Noticed Terence
  1699 | D:2      | You fall into a shaft and drop 1 floor!
  1703 | D:3      | Reached ** piety under Trog
  1736 | D:3      | Found a glowing drain.
  2170 | D:2      | Reached XP level 4. HP: 26/41 MP: 3/3
  2286 | D:2      | Killed Terence
  2286 | D:2      | Reached skill level 5 in Axes
  2309 | D:2      | Slain by a worm

Levels and vault maps discovered:
D:1:      lightli_arrival_quake, layout_loops_cross, minmay_misc_feat_alley
D:2:      wander_river, layout_basic, chequers_serial_rivers_large_b,
          uniq_terence
D:3:      layout_basic, cheibrodos_sewer_entry_drain

Skill      XL: |  1  2  3  4 |
---------------+-------------+-----
Axes           | 4 5 |  5.2
Fighting       | 4 |  4.4
Armour         | 3 |  3.0
Dodging        | |  2.7
Stealth        | |  0.6

Action                   |  1- 3 |  4- 6 || total
-------------------------+-------+-------++-------
Melee: Hand axe          |    85 |    13 ||    98
       Headbutt          |    14 |     3 ||    17
Invok: Trog's Hand       |       |     1 ||     1
  Use: Scroll            |     5 |       ||     5
       Potion            |     2 |     1 ||     3
 Stab: Sleeping          |     1 |       ||     1
  Eat: Ration            |     1 |     1 ||     2
Armor: Animal skin       |     1 |       ||     1
       Leather armour    |    16 |     1 ||    17
Dodge: Dodged            |    51 |     3 ||    54
